AoeStats
← vortice_anonimo

Black Forest

510844417Analyzed
2v2 RM · 23h ago on Oct 2, 2026· 73m 52s· 4 players
Game mode
Random Map
Map size
Medium (4 player)
Population
200
Speed
Normal
Resources
Standard
Victory
Conquest
Starting age
Dark Age
Ending age
Imperial Age
RankedLock teamsTeams togetherTeam positionsShared explorationLock speedFull tech treeHidden civsTurbo modeCheats
Victory
Defeat
🇩🇪 Khmer · Germany
539
+10
🇮🇪 Britons · Ireland
453
+14
🇦🇷 Spanish · Argentina
409
-12
🇦🇷 Vietnamese · Argentina
408
-12
daveofempires
13:15 Feudal Age
14:33 Wheelbarrow
13:47 Double-Bit Axe
13:46 Horse Collar
17:18 Gold Mining
21:33 Castle Age
22:42 Hand Cart
24:19 Heavy Plow
25:02 Gold Shaft Mining
25:37 Bow Saw
25:07 Crossbowman
26:13 Padded Archer Armor
28:49 Leather Archer Armor
28:27 Fletching
33:16 Bodkin Arrow
33:22 Scale Mail Armor
33:28 Scale Barding Armor
33:34 Forging
37:13 Imperial Age
34:33 Pikeman
35:14 Squires
35:55 Light Cavalry
36:36 Husbandry
38:13 Halberdier
38:25 Capped Ram
40:46 Ballistics
43:17 Arson
42:55 Arbalester
54:01 Cavalier
58:07 Ring Archer Armor
Wapitidfmp
0:42 Loom
12:35 Feudal Age
13:52 Wheelbarrow
15:51 Gold Mining
16:03 Double-Bit Axe
18:18 Horse Collar
24:41 Castle Age
23:16 Stone Mining
25:50 Bow Saw
25:58 Hand Cart
25:59 Husbandry
26:12 Heavy Plow
27:41 Stone Shaft Mining
27:32 Ballistics
27:26 Bloodlines
28:21 Town Watch
41:50 Imperial Age
40:26 Fortified Wall
40:26 Masonry
40:12 Murder Holes
43:01 Conscription
42:59 Fletching
43:20 Forging
43:17 Scale Barding Armor
42:35 Cavalier
42:53 Heavy Scorpion
43:34 Capped Ram
50:40 Bodkin Arrow
51:20 Iron Casting
51:06 Chain Barding Armor
51:14 Siege Ram
Conejo Malo
0:41 Loom
11:10 Feudal Age
12:06 Double-Bit Axe
12:21 Gold Mining
18:20 Castle Age
17:26 Horse Collar
18:33 Stone Mining
22:57 Wheelbarrow
23:15 Bow Saw
30:48 Hand Cart
30:37 Heavy Plow
31:27 Light Cavalry
32:20 Bloodlines
32:10 Husbandry
32:18 Scale Barding Armor
32:24 Forging
32:08 Fletching
32:41 Ballistics
32:41 Masonry
35:41 Iron Casting
36:24 Chain Barding Armor
36:04 Bodkin Arrow
40:00 Imperial Age
41:20 Plate Barding Armor
41:46 Blast Furnace
40:48 Bracer
41:51 Chemistry
42:03 Hussar
43:01 Padded Archer Armor
vortice_anonimo
14:08 Feudal Age
15:59 Double-Bit Axe
18:57 Horse Collar
19:13 Gold Mining
19:13 Stone Mining
25:36 Castle Age
26:12 Wheelbarrow
27:46 Stone Shaft Mining
27:15 Heavy Plow
31:39 Bow Saw
34:38 Imperial Age
34:43 Loom
35:14 Hand Cart
36:42 Two-Man Saw
35:10 Elite Fire Lancer
35:36 Arson
35:52 Squires
36:10 Elite Battle Elephant
41:49 Ballistics
42:30 Chemistry
41:38 Caravan
42:08 Coinage
41:07 Onager
49:51 Bombard Tower
49:57 Paper Money
49:37 Chatras
53:33 Forging
53:29 Scale Barding Armor
53:25 Padded Archer Armor
53:26 Scale Mail Armor
53:17 Fletching
Connection lost

Rejoining the realm…

Still unreachable

The connection could not be restored.

Session expired

The server has moved on; the page needs a fresh start.